 Dungeon Crawl Stone Soup version 0.32-a0-361-g289a535e89 (webtiles) character file.

Game seed: 518983370605426782

410 petete the Shooter (level 6, -9/44 HPs)
             Began as a Coglin Hexslinger on Feb 18, 2024.
             Was an Initiate of Beogh.
             Mangled by an orc
             ... wielding a +0 war axe
              (11 damage)
             ... on level 4 of the Dungeon.
             The game lasted 00:12:29 (3525 turns).

petete the Shooter (Coglin Hexslinger)              Turns: 3525, Time: 00:12:30

Health: -9/44      AC:  2    Str:  8    XL:     6   Next: 89%
Magic:  6/9        EV: 12    Int: 13    God:    Beogh [......]
Gold:   282        SH:  0    Dex: 18    Spells: 7/9 levels left

rFire   . . .        a - +1 sling {Byeongho}
rCold   . . .        (no shield)
rNeg    . . .        c - +0 robe
rPois   .            (no helmet)
rElec   .            (no cloak)
rCorr   .            (no gloves)
SInv    .            (no boots)
Will    .....        (no amulet)
Stlth   ++           (no ring)
HPRegen 0.27/turn    (no ring)
MPRegen 0.11/turn

%: no passive effects
@: weak-willed, revved, stiff-legged, very slow
A: off-hand wielding, slow wielding, warmup strikes, warmup strides
a: Renounce Religion


You were on level 4 of the Dungeon.
You worshipped Beogh.
Beogh was noncommittal.
You visited 1 branch of the dungeon, and saw 4 of its levels.

You collected 282 gold pieces.

Inventory:

Hand Weapons
 a - a +1 sling (weapon) {Byeongho}
Missiles
 v - a throwing net
Armour
 c - a +0 robe (worn)
 e - an orb of wrath
Jewellery
 n - a ring of wizardry
Talismans
 l - a talisman of death
 r - a flux talisman
Wands
 o - a wand of quicksilver (13)
Scrolls
 b - 2 scrolls of poison
 d - a scroll of summoning {unknown}
 g - 4 scrolls of teleportation {unknown}
 i - a scroll of enchant armour {unknown}
 q - 2 scrolls of identify {unknown}
 s - a scroll of amnesia {unknown}
 t - a scroll of fear {unknown}
 u - a scroll of noise {unknown}
Potions
 f - a potion of enlightenment {unknown}
 h - a potion of degeneration {unknown}
 j - 2 potions of haste {unknown}
 k - 3 potions of curing {unknown}
 m - 2 potions of might {unknown}
 p - a potion of mutation {unknown}


   Skills:
 - Level 2.0 Fighting
 + Level 4.7 Ranged Weapons
 - Level 2.0 Dodging
 - Level 2.1 Spellcasting
 + Level 4.2 Hexes
 - Level 0.8 Fire Magic


You had 7 spell levels left.
You knew the following spells:

 Your Spells              Type           Power      Damage    Failure   Level
a - Jinxbite              Hex            24%        N/A       7%          2

Your spell library contained the following spells:

 Spells                   Type           Power      Damage    Failure   Level
 Sigil of Binding         Hex            12%        N/A       13%         3
 Sting                    Conj/Alch      4%         1d3       26%         1
 Inner Flame              Hex/Fire       8%         N/A       26%         3
 Mercury Vapours          Alch/Air       2%         N/A       36%         2
 Cause Fear               Hex            6%         N/A       41%         4
 Stone Arrow              Conj/Erth      2%         3d7       58%         3
 Dimensional Bullseye     Hex/Tloc       3%         N/A       71%         4
 Animate Armour           Summ/Erth      2%         N/A       94%         4
 Olgreb's Toxic Radiance  Alch           1%         N/A       94%         4
 Lehudib's Crystal Spear  Conj/Erth      0%         10d2      100%        8


Dungeon Overview and Level Annotations

Branches:
Dungeon (4/15)
 Temple: D:4-7

Altars:
Vehumet
Yredelemnul
Zin

Shops:
D:1 [


Innate Abilities, Weirdness & Mutations

You can wield a second weapon in your off-hand.
It takes a long time for you to wield or remove held weapons.
Your first few attacks do less damage.
Your first movements take longer.


Message History

Aim: an orc, wielding a +0 club and wearing a +0 chain mail (almost dead, heavily drained, chance to call a sprite on attack: 63%, 70% to hit)
You shoot a sling bullet. The sling bullet hits the orc.
You kill the orc!
Beogh accepts your kill. The orc completely misses you.
A white imp comes into view.
The orc hits you with a +0 war axe.
Fire: a) +1 sling {Byeongho}
Press: ? - help, Q - select action, (/) - cycle Shift-Dir - straight line, f - orc
Aim: an orc, wielding a +0 war axe and wearing a +0 chain mail (chance to call a sprite on attack: 63%, 70% to hit)
You shoot a sling bullet. The sling bullet barely misses the orc.
The orc barely misses you. The white imp gestures at you.
The puff of frost hits you!
* * * LOW HITPOINT WARNING * * *
Fire: a) +1 sling {Byeongho}
Press: ? - help, Q - select action, (/) - cycle Shift-Dir - straight line, f/p - orc
Aim: an orc, wielding a +0 war axe and wearing a +0 chain mail (chance to call a sprite on attack: 63%, 70% to hit)
You shoot a sling bullet. The sling bullet barely misses the orc.
A giggling sprite leaps out and smacks the orc with its own hand.
The orc is heavily wounded.
The jinxing sprites lose interest in you.
The orc hits you with a +0 war axe!
* * * LOW HITPOINT WARNING * * *
Unknown command.
Fire: a) +1 sling {Byeongho}
Press: ? - help, Q - select action, (/) - cycle Shift-Dir - straight line, f/p - orc
Aim: an orc, wielding a +0 war axe and wearing a +0 chain mail (heavily wounded, heavily drained, 70% to hit)
You shoot a sling bullet.
The sling bullet hits the orc but does no damage.
The orc is heavily wounded.
The orc barely misses you.
The white imp sputters.
Fire: a) +1 sling {Byeongho}
Press: ? - help, Q - select action, (/) - cycle Shift-Dir - straight line, f/p - orc
Aim: an orc, wielding a +0 war axe and wearing a +0 chain mail (heavily wounded, heavily drained, 70% to hit)
You shoot a sling bullet. The sling bullet barely misses the orc.
The orc hits you with a +0 war axe!
You die...
Beogh appreciates the orc's killing of a heretic priest.

#...# ####...#
###......## #
#...#)....# .# .
####+###'###'#######.#..
.#..#.......#..#....5..>
.#..#.......#..#$.).....
.+..+###'###'..'.)....#
.#..#.'...+.#..#@)....#
.#..#.#...#.#..#.o....#
.'##'.#._.#.+##+......#
.#..#.#...#.#..#......#
.#..#.+...+.#..#......#
.+..+###+###+..+....###
.#.(#.......#..######
.#..#.†.....#..#
.###'###+###'######


You could see a white imp and an orc (very drained).

Vanquished Creatures
  2 phantoms (D:4)
  A bombardier beetle (D:3)
  A hound (D:3)
  An orc priest (D:4)
  Jessica (D:3)
  2 adders
  3 dart slugs
  3 orcs (D:4)
  5 endoplasms
  2 giant cockroaches
  7 goblins
  6 hobgoblins
  11 jackals
  2 quokkas
  6 ball pythons
  8 bats
  3 frilled lizards
  5 kobolds
  2 rats (D:2)
71 creatures vanquished.

Notes
Turn   | Place    | Note
-------+----------+-------------------------------------------
     0 | D:1      | petete the Coglin Hexslinger began the quest for the Orb.
     0 | D:1      | Reached XP level 1. HP: 15/15 MP: 2/2
   102 | D:1      | Found Woll's Antique Armour Emporium.
   149 | D:1      | Reached XP level 2. HP: 21/21 MP: 3/3
   490 | D:1      | Reached XP level 3. HP: 15/26 MP: 4/4
   497 | D:1      | Learned a level 2 spell: Jinxbite
  1153 | D:2      | Found a faded altar of an unknown god.
  1383 | D:2      | Reached XP level 4. HP: 33/33 MP: 2/5
  1893 | D:3      | You fall into a shaft and drop 1 floor!
  2100 | D:4      | Noticed a phantom
  2114 | D:4      | Killed a phantom
  2115 | D:4      | Reached XP level 5. HP: 25/38 MP: 0/6
  2333 | D:3      | Found a basalt altar of Yredelemnul.
  2559 | D:3      | Noticed Jessica
  2563 | D:3      | Killed Jessica
  2564 | D:3      | Reached XP level 6. HP: 44/44 MP: 4/8
  3095 | D:4      | HP: 1/44 [dart slug/slug dart (5)]
  3362 | D:4      | Found a glowing silver altar of Zin.
  3430 | D:4      | Found a radiant altar of Vehumet.
  3444 | D:4      | Became a worshipper of Beogh the Shepherd
  3523 | D:4      | HP: 2/44 [orc/+0 war axe (7)]
  3525 | D:4      | Mangled by an orc

Illustrated notes

Levels and vault maps discovered:
D:1:      dpeg_arrival_houses_and_road, layout_basic, serial_shops, shop_coins
D:2:      layout_basic, chequers_ecumenical_altar_island, serial_corexii_hall,
          corexii_hall_statues_l, chequers_hall_statues_y,
          minmay_misc_feat_ornament
D:3:      layout_basic, mainiacjoe_overflow_concentric_impassable,
          minmay_misc_feat_five, nrook_uturn, uniq_jessica
D:4:      minmay_evil_eye, layout_basic, lemuel_crystal_altar,
          mainiacjoe_overflow_cross_hatched, mainiacjoe_overflow_24_doors

Skill      XL: |  1  2  3  4  5  6 |
---------------+-------------------+-----
Ranged Weapons | 2 3 4 |  4.7
Hexes          | 3 4 |  4.2
Fighting       | 2 |  2.0
Dodging        | 2 |  2.0
Spellcasting   | 2 |  2.1
Fire Magic     | |  0.8

Action                     |  1- 3 |  4- 6 || total
---------------------------+-------+-------++-------
   Fire: Sling             |    75 |   122 ||   197
   Cast: Jinxbite          |    10 |    23 ||    33
 Invoke: Convert to Beogh  |       |     1 ||     1
 Armour: Robe              |    19 |    51 ||    70
  Dodge: Dodged            |    20 |    50 ||    70

Table legend: (Time is in decaauts)
 A = Elapsed time spent in this place.
 B = Non-inter-level travel time spent in this place.
 C = Inter-level travel time spent in this place.
 D = Time resting spent in this place.
 E = Time spent auto-exploring this place.
 F = Levels seen in this place.
 G = Mean time per level.
                   A        B        C        D        E       F      G
               +--------+--------+--------+--------+--------+-----+--------+
         Total |   3727 |   3568 |    159 |     35 |   3080 |   4 |  931.8 |
       Dungeon |   3727 |   3568 |    159 |     35 |   3080 |   4 |  931.8 |
               +--------+--------+--------+--------+--------+-----+--------+

Top non-repeatable levels by time:
     D:3: 1019 daAuts
     D:2: 954 daAuts
     D:1: 896 daAuts
     D:4: 856 daAuts
